 Dungeon Crawl Stone Soup version 0.29-a0-317-gd16b76e6b1 (webtiles) character file.

Game seed: 12124135939334974535

19 Flugkiller the Vexing (level 2, -1/12 HPs)
             Began as a Felid Enchanter on Mar 31, 2022.
             Slain by Robin
             ... wielding a +0 trident
              (5 damage)
             ... on level 2 of the Dungeon.
             The game lasted 00:01:25 (1509 turns).

Flugkiller the Vexing (Felid Enchanter)             Turns: 1509, Time: 00:01:26

Health: -1/12      AC:  1    Str:  4    XL:     2   Next: 55%
Magic:  4/6        EV: 17    Int: 16    God:
Gold:   61         SH:  0    Dex: 16    Spells: 3/5 levels left
                                        Lives:  0   Deaths: 0

rFire   . . .      SeeInvis +     - Unarmed
rCold   . . .      Faith    .   (shield unavailable)
rNeg    . . .      Spirit   .   (body armour unavailable)
rPois   .          Reflect  .   (helmet unavailable)
rElec   .          Harm     .   (cloak unavailable)
rCorr   .          Rampage  .   (gloves unavailable)
Will    .....                   (boots unavailable)
Stlth   +++.......              (no amulet)
HPRegen 0.04/turn               (no ring)
MPRegen 0.10/turn               (no ring)

@: quick
A: very small, claws 1, fangs 3, see invisible, speed 1, shaggy fur 1, stealthy
paws, no weapons or thrown items, no armour, multi-lived
a: no special abilities


You were on level 2 of the Dungeon.
You visited 1 branch of the dungeon, and saw 2 of its levels.

You collected 61 gold pieces.

Inventory:

Scrolls
 c - a scroll of fear {unknown}
 d - a scroll of holy word {unknown}
 e - a scroll of fog {unknown}
Potions
 a - 3 potions of invisibility
 b - a potion of flight {unknown}
 f - a potion of mutation {unknown}


   Skills:
 + Level 1.4 Fighting
 - Level 2.6 Dodging
 - Level 4.0 Stealth
 + Level 2.0 Unarmed Combat
 - Level 2.0 Spellcasting
 - Level 4.4 Hexes


You had 3 spell levels left.
You knew the following spells:

 Your Spells              Type           Power      Damage    Failure   Level
a - Ensorcelled Hibernat  Hex/Ice        16%        N/A       13%         2

Your spell library contained the following spells:

 Spells                   Type           Power      Damage    Failure   Level
 Slow                     Hex            60%        N/A       3%          1
 Confusing Touch          Hex            15%        N/A       11%         3
 Tukima's Dance           Hex            15%        N/A       11%         3
 Dazzling Flash           Conj/Hex       16%        N/A       26%         3
 Vampiric Draining        Necr           1%         2d6       52%         3


Dungeon Overview and Level Annotations

Branches:
Dungeon (2/15)

Altars:

Shops:
D:1 (

Annotations:
D:2 Robin


Innate Abilities, Weirdness & Mutations

You have sharp claws.
You have razor-sharp teeth.
You have supernaturally acute eyesight. (SInv)
You cover ground quickly. (Speed+)
You are covered in fur. (AC +1)
Your paws help you pounce on unaware monsters.
You are incapable of wielding weapons or throwing items.
You cannot wear armour.
You gain extra lives every three experience levels.


Message History

You see here a +0 mace.
The goblin no longer looks unusually strong.
You start resting.
A goblin is nearby!
The goblin barely misses you.
You scratch the goblin.
You kill the goblin!
The goblin hits you with a +0 club.
Things that are here:
a +0 club; a goblin corpse You are too injured to fight recklessly!
You are too injured to fight recklessly!
The goblin shouts!
You scratch the goblin but do no damage.
You hear a shout!
The goblin closely misses you.
You barely miss the goblin. Your bite misses the goblin.
The goblin hits you with a +0 club.
Things that are here:
a +0 club; a goblin skeleton You see here a jackal skeleton.
There is a stone staircase leading up here.
You climb upwards.
There is a stone staircase leading down here.
You start resting.
HP restored.
You climb downwards.
Level annotation: Robin
There is a stone staircase leading up here.
No target in view!
Casting: Ensorcelled Hibernation (safe; 13% risk of failure)
Confirm with . or Enter, or press ? or * to list all spells.
Aiming: Ensorcelled Hibernation (safe; 13% risk of failure)
Press: ? - help, Shift-Dir - straight line, f - goblin
Aim: a goblin, wielding a +0 club (wandering, hasn't noticed you, chance to affect: 59%)
The goblin shouts!
The goblin looks drowsy...
Robin shouts!
Robin's bangles clink loudly.
Robin roars a battlecry!
The goblin shouts!
The goblin goes into a battle-frenzy!
You scratch the goblin.
The goblin is moderately wounded.
The goblin closely misses you.
You closely miss the goblin. Your bite misses the goblin.
The goblin is moderately wounded.
Robin misses you. The goblin closely misses you.
You scratch the goblin. You bite the goblin.
The goblin is severely wounded.
Robin hits you from afar with a +0 trident!
Ouch! That really hurt!
* * * LOW HITPOINT WARNING * * *
The goblin closely misses you. Robin throws the goblin at you!
* * * LOW HITPOINT WARNING * * *
The goblin misses you.
The goblin no longer looks unusually strong.
There is a stone staircase leading up here.
You climb upwards.
There is a stone staircase leading down here.
You start resting.
Magic restored.
You start resting.
HP restored.
You climb downwards.
Level annotation: Robin The goblin hits you with a +0 club.
There is a stone staircase leading up here.
The goblin hits you with a +0 club.
You climb upwards.
There is a stone staircase leading down here.
Casting: Ensorcelled Hibernation (safe; 13% risk of failure)
Confirm with . or Enter, or press ? or * to list all spells.
Aiming: Ensorcelled Hibernation (safe; 13% risk of failure)
Press: ? - help, Shift-Dir - straight line, f - goblin
Aim: a goblin, wielding a +0 club (chance to affect: 59%)
The goblin looks drowsy...
The helpless goblin fails to defend itself.
You claw the goblin!
You kill the goblin!
Your Unarmed Combat skill increases to level 2!
You start resting.
Magic restored.
You start resting.
HP restored.
You climb downwards.
Level annotation: Robin
There is a stone staircase leading up here.
Casting: Ensorcelled Hibernation (safe; 13% risk of failure)
Confirm with . or Enter, or press ? or * to list all spells.
Aiming: Ensorcelled Hibernation (safe; 13% risk of failure)
Press: ? - help, Shift-Dir - straight line, f - Robin
Aim: Robin, wielding a +0 trident, wearing a +0 animal skin and wearing a +0 helmet (wandering, hasn't noticed you, chance to affect: 50%) Robin shouts!
Robin looks drowsy...
Robin hits you from afar with a +0 trident!
Ouch! That really hurt!
Robin hits you with a +0 trident.
You die...

#.......#
#.#######
#.#
#########.#
#...g.....#
#.#########
#.#####.#
#.....g.#
#######@#
#.# #.# #.#
#<# ###


You could see Robin.

Vanquished Creatures
  2 endoplasms (D:1)
  A giant cockroach (D:1)
  4 goblins
  2 hobgoblins (D:2)
  3 jackals (D:2)
  2 ball pythons
  2 frilled lizards
16 creatures vanquished.

Notes
Turn   | Place    | Note
-------+----------+-------------------------------------------
     0 | D:1      | Flugkiller the Felid Enchanter began the quest for the Orb.
     0 | D:1      | Reached XP level 1. HP: 7/7 MP: 4/4
    32 | D:1      | Found a faded altar of an unknown god.
   213 | D:1      | Found Fesel's Weapon Emporium.
   224 | D:1      | Reached skill level 1 in Fighting
   463 | D:2      | Reached XP level 2. HP: 12/12 MP: 6/6
   520 | D:2      | Learned a level 2 spell: Ensorcelled Hibernation
   889 | D:2      | Noticed Robin
  1509 | D:2      | Slain by Robin

Illustrated notes

Levels and vault maps discovered:
D:1:      mushboom_english_gardens, layout_rooms, serial_shops,
          nicolae_shop_bloodbath_and_beyond, ebering_ecumenical_altar_ruins,
          minmay_misc_feat_roman
D:2:      layout_basic, corner_web_ring, uniq_robin

Skill      XL: |  1  2 |
---------------+-------+-----
Fighting       | 1 |  1.4
Unarmed Combat | 2 |  2.0
Dodging        | |  2.6
Stealth        | |  4.0
Spellcasting   | |  2.0
Hexes          | |  4.4

Action                   || total
-------------------------++-------
Melee: Unarmed           ||    48
       Bite              ||     4
       Punch             ||     1
 Cast: Ensorcelled Hiber ||     7
 Stab: Sleeping          ||     7
Armor: Skin              ||     2
Dodge: Dodged            ||    39

Table legend: (Time is in decaauts)
 A = Elapsed time spent in this place.
 B = Non-inter-level travel time spent in this place.
 C = Inter-level travel time spent in this place.
 D = Time resting spent in this place.
 E = Time spent auto-exploring this place.
 F = Levels seen in this place.
 G = Mean time per level.
                   A        B        C        D        E       F      G
               +--------+--------+--------+--------+--------+-----+--------+
         Total |   1381 |   1361 |     20 |    778 |    334 |   2 |  690.5 |
       Dungeon |   1381 |   1361 |     20 |    778 |    334 |   2 |  690.5 |
               +--------+--------+--------+--------+--------+-----+--------+

Top non-repeatable levels by time:
     D:1: 833 daAuts
     D:2: 548 daAuts
